 Dungeon Crawl Stone Soup version 0.16.1-30-g34a7ffa (webtiles) character file.

68 Jb9000 the Shield-Bearer (level 4, -2/28 HPs)
             Began as a Gargoyle Fighter on June 25, 2015.
             Killed from afar by Natasha (9 damage)
             ... with a magic dart
             ... on level 3 of the Dungeon.
             The game lasted 00:06:20 (1778 turns).

Jb9000 the Shield-Bearer (Gargoyle Fighter)         Turns: 1778, Time: 00:06:20

Health: -2/28      AC: 12    Str: 19    XL:     4   Next: 19%
Magic:  4/4        EV:  7    Int:  9    God:
Gold:   193        SH:  9    Dex: 10    Spells: 0 memorised, 3 levels left

rFire  . . .     SeeInvis .     a - +0 long sword
rCold  . . .     Clarity  .     b - +0 scale mail
rNeg   + . .     SustAb   +     c - +0 shield
rPois  ∞         Gourm    .     (no helmet)
rElec  +         Spirit   .     g - +0 cloak
rCorr  .         Warding  .     (no gloves)
rMut   .         Stasis   .     t - +0 pair of boots
MR     .....                    (no amulet)
Stlth  ..........               (no ring)
                                p - ring of sustain abilities

@: not resistant to hostile enchantments, extremely unstealthy
A: negative energy resistance 1, electricity resistance, unbreathing,
petrification resistance, rot immunity, AC +3
a: no special abilities


You were on level 3 of the Dungeon.
You were not hungry.

You visited 1 branch of the dungeon, and saw 3 of its levels.

You collected 193 gold pieces.

Inventory:

Hand weapons
 a - a +0 long sword (weapon)
 r - a +0 hunting sling of flaming
Missiles
 l - 12 poisoned needles
 s - 20 sling bullets
Armour
 b - a +0 scale mail (worn)
 c - a +0 shield (worn)
 g - a +0 cloak (worn)
 t - a +0 pair of boots (worn)
Jewellery
 p - a ring of sustain abilities (left hand)
Scrolls
 n - 3 scrolls of remove curse
 q - a scroll of identify
Potions
 e - a potion of might
 h - a potion of curing
 k - a potion of haste {unknown}
 m - a potion of restore abilities {unknown}
 o - a potion of resistance {unknown}
Comestibles
 d - 3 bread rations
 f - a royal jelly
 i - 7 chunks of flesh
 j - a meat ration
 u - 4 fruits


   Skills:
 + Level 3.4 Fighting
 + Level 2.1 Long Blades
 + Level 0.0 Slings
 + Level 3.5 Armour
 * Level 1.3 Dodging
 * Level 2.2 Stealth
 + Level 3.6 Shields


You had 3 spell levels left.
You didn't know any spells.

Dungeon Overview and Level Annotations

Branches:
Dungeon (3/15)

Altars:

Annotations:
D:3 Natasha


Innate Abilities, Weirdness & Mutations

You are resistant to torment.
You are immune to poison.
Your stone body is very resilient (AC +3).
You resist negative energy.
You are resistant to electric shocks.
You can survive without breathing.
You are immune to petrification.
You are immune to rotting.


Message History

You block the iron imp's attack.
The crimson imp hits you but does no damage. x2
You barely miss Natasha.
Natasha is lightly wounded.
You block the bat's attack. You block the kobold's attack. Natasha claws you.
The crimson imp hits you but does no damage.
You block the crimson imp's attack.
The iron imp hits you but does no damage.
The kobold hits you but does no damage. The bat barely misses you.
The bat hits you but does no damage. The iron imp hits you.
* * * LOW HITPOINT WARNING * * *
You block the kobold's attack. Natasha claws you.
* * * LOW HITPOINT WARNING * * *
You see here a scroll of identify.
Drink which item? (? for menu, Esc to quit)
You feel better. The bat hits you but does no damage.
The crimson imp blinks!
Natasha stares at you and mumbles some strange words.
The magic dart hits you!
You die...

#... .... .###
##############.
............... #.#.###
............. ........
#..b....# ...#.###
#....@..+ ..#.#..
#...5hK§# ..#.#.#
#....5$.########.#....
#............K.....#.#
....5............#.#.#.#
....#####...............
... #...........##.# .
#.........#.....
#.............##


You could see an iron imp, Natasha, 2 crimson imps, a bat and a kobold.

Vanquished Creatures
  Terence (D:2)
  An adder (D:1)
  2 worms (D:1)
  An ooze (D:2)
  An orc (D:3)
  4 bats
  2 giant cockroaches (D:2)
  2 hobgoblins
  2 kobolds (D:2)
  A quokka (D:2)
  2 giant geckos
  6 giant newts
  5 goblins
  A jackal (D:3)
  5 rats
36 creatures vanquished.

Notes
Turn   | Place    | Note
--------------------------------------------------------------
     0 | D:1      | Jb9000, the Gargoyle Fighter, began the quest for the Orb.
     0 | D:1      | Reached XP level 1. HP: 14/14 MP: 1/1
   201 | D:1      | Reached XP level 2. HP: 14/19 MP: 2/2
   850 | D:1      | Reached skill level 1 in Stealth
   867 | D:1      | Reached skill level 1 in Dodging
   867 | D:1      | Reached XP level 3. HP: 7/23 MP: 3/3
  1382 | D:2      | Noticed Terence
  1408 | D:2      | Killed Terence
  1411 | D:2      | Reached XP level 4. HP: 24/28 MP: 4/4
  1762 | D:3      | Noticed Natasha
  1777 | D:3      | HP: 1/28 [Natasha (6)]
  1778 | D:3      | Killed from afar by Natasha

Action                   |  1- 3 |  4- 6 || total
-------------------------+-------+-------++-------
Melee: Long sword        |   148 |    44 ||   192
 Fire: Hunting sling     |       |    10 ||    10
  Use: Scroll            |     5 |     1 ||     6
       Potion            |       |     1 ||     1
  Eat: Chunk             |     2 |     1 ||     3
